 Dungeon Crawl Stone Soup version 0.29.1-15-g9cfb28693d (webtiles) character file.

Game seed: 11405344296919939646

5537 H0rd4k the Magician (level 10, -5/68 HPs)
             Began as an Octopode Artificer on Apr 5, 2023.
             Was an Initiate of Gozag.
             Succumbed to an orc warrior's poison
             ... on level 9 of the Dungeon.
             The game lasted 00:15:38 (11542 turns).

H0rd4k the Magician (Octopode Artificer)           Turns: 11542, Time: 00:15:39

Health: -5/68      AC:  3    Str: 17      XL:     10   Next: 71%
Magic:  15/21      EV: 15    Int: 15 (18) God:    Gozag
Gold:   214        SH:  0    Dex: 24      Spells: 17/24 levels left

rFire   . . .      SeeInvis .   u - +3 dagger (elec)
rCold   . . .      Faith    .   (no shield)
rNeg    . . .      Spirit   .   (helmet restricted)
rPois   .          Reflect  .   R - amulet of regeneration
rElec   .          Harm     .   f - ring of resist corrosion
rCorr   +          Rampage  .   x - +6 ring of dexterity
Will    ++...                   y - ring of willpower
Stlth   ++........              N - ring of willpower
HPRegen 1.01/turn               I - ring "Mif Athru" {Str+6 Dex+5 Stlth-}
MPRegen 0.17/turn               (no ring)
                                (no ring)
                                (no ring)

@: lethally poisoned (-5 -> -30), gold aura, attractive
A: almost no armour, amphibious, 8 rings, camouflage 1, gelatinous body 1,
(nimble swimmer 1), tentacles, beak, iridescent scales 1
a: Renounce Religion, Potion Petition, Call Merchant, Bribe Branch


You were on level 9 of the Dungeon.
You worshipped Gozag.
Gozag was aware of your devotion.
You visited 2 branches of the dungeon, and saw 10 of its levels.

You collected 1003 gold pieces.
You spent 729 gold pieces at shops.
You paid 60 gold pieces to Gozag.

Inventory:

Hand Weapons
 h - the +8 lance "Wyrmbane" {slay drac, rPois rF+ rC+ AC+3}
   (You found it on level 9 of the Dungeon)

   It inflicts extra damage against dragons and draconians.
   AC:        It affects your AC (+3).
   rF:        It protects you from fire.
   rC:        It protects you from cold.
   rPois:     It protects you from poison.
 u - a +3 dagger of electrocution (weapon)
Missiles
 B - 18 poisoned darts
Magical Staves
 s - a staff of earth
 P - a staff of conjuration
Jewellery
 c - an amulet of guardian spirit
 f - a ring of resist corrosion (left tentacle)
 g - an amulet of the acrobat
 x - a +6 ring of dexterity (right tentacle)
 y - a ring of willpower (on tentacle)
 I - the ring "Mif Athru" (on tentacle) {Str+6 Dex+5 Stlth-}
   (You bought it in a shop on level 9 of the Dungeon)

   [ring of strength]

   Str:       It affects your strength (+6).
   Dex:       It affects your dexterity (+5).
   Stlth:     It makes you less stealthy.
 N - a ring of willpower (on tentacle)
 R - an amulet of regeneration (around mantle)
Wands
 b - a wand of flame (4) (quivered)
 d - a wand of iceblast (11)
 A - a wand of light (10)
 G - a wand of polymorph (18)
 J - a wand of paralysis (18)
 M - a wand of mindburst (2)
 Q - a wand of digging (9)
Scrolls
 a - 3 scrolls of fear
 i - 3 scrolls of noise
 j - 4 scrolls of blinking
 m - 5 scrolls of immolation
 p - 4 scrolls of magic mapping
 q - 3 scrolls of torment
 r - 2 scrolls of teleportation
 t - 3 scrolls of butterflies
 v - 2 scrolls of brand weapon
 E - 2 scrolls of enchant armour
 F - a scroll of acquirement {unknown}
 K - 2 scrolls of silence
 L - 2 scrolls of poison
Potions
 e - a potion of haste
 k - 2 potions of lignification
 l - a potion of mutation
 n - a potion of attraction
 o - a potion of flight
 w - a potion of curing {unknown}
 z - 3 potions of degeneration
 C - a potion of might {unknown}
 D - a potion of ambrosia {unknown}
 H - a potion of experience {unknown}
 O - a potion of magic {unknown}


   Skills:
 - Level 5.8 Fighting
 - Level 4.4 Short Blades
 - Level 0.8(0.9) Axes
 - Level 0.2(0.5) Maces & Flails
 - Level 0.1(0.2) Staves
 + Level 0.2 Ranged Weapons
 + Level 1.5 Throwing
 + Level 3.0 Dodging
 - Level 1.3 Stealth
 - Level 6.7 Unarmed Combat
 * Level 7.8 Spellcasting
 + Level 1.1 Hexes
 * Level 7.0 Summonings
 + Level 0.8 Transmutations
 + Level 0.2 Fire Magic
 + Level 0.2 Ice Magic
 + Level 0.3 Air Magic
 + Level 0.2 Earth Magic
 + Level 0.5 Poison Magic
 + Level 0.2 Invocations
 - Level 3.2 Evocations


You had 17 spell levels left.
You knew the following spells:

 Your Spells              Type           Power      Damage    Failure   Level
a - Summon Small Mammal   Summ           100%       N/A       1%          1
b - Call Canine Familiar  Summ           26%        N/A       1%          3
c - Summon Guardian Gole  Hex/Summ       18%        N/A       7%          3

Your spell library contained the following spells:

 Spells                   Type           Power      Damage    Failure   Level
 Malign Gateway           Summ/Tloc      8%         N/A       100%        7
 Orb of Destruction       Conj           3%         9d5       100%        7
 Spellforged Servitor     Conj/Summ      8%         N/A       100%        7
 Summon Horrible Things   Summ           13%        N/A       100%        8


Dungeon Overview and Level Annotations

Branches:
Dungeon (9/15)             Temple (1/1) D:6            Lair (0/5) D:8
    Orc: D:9-12

Altars:
Ashenzari
Cheibriados
Dithmenos
Elyvilon
Fedhas
Gozag
Hepliaklqana
Makhleb
Nemelex Xobeh
Okawaru
Qazlal
Ru
Sif Muna
Trog
Uskayaw
Vehumet
Wu Jian
Xom
Yredelemnul
Zin
The Shining One

Shops:
D:6 (   D:9 =

Annotations:
D:3 1 runed translucent door, exclusion: door, Crazy Yiuf
D:7 exclusion: downstairs
D:8 exclusion: 2 downstairs
D:9 exclusion: oklob plant, Erica


Innate Abilities, Weirdness & Mutations

You cannot wear most types of armour.
You are amphibious.
You can wear up to eight rings at the same time.
Your skin changes colour to match your surroundings (Stealth+).
Your rubbery body absorbs attacks. (AC +1, EV +1)
((You are camouflaged when in or above water. (Stealth+)))
You have tentacles for arms and can constrict up to eight enemies at once.
You have a beak for a mouth.
You are partially covered in iridescent scales. (AC +2)


Message History

The orc warrior hits your quokka with a +1 hand axe of electrocution!
Your quokka dies!
Your quokka's corpse disappears in a puff of smoke!
The orc warrior hits your hound with a +1 hand axe of electrocution!
Your hound bites the orc warrior.
You hit the orc warrior.
You tentacle-slap the orc warrior, but do no damage.
You squeeze the orc warrior.
The orc warrior is heavily wounded.
You constrict the orc warrior.
You feel sick.
The orc warrior hits you from afar with a +2 halberd of venom.
You are more poisoned.
Your hound bites the orc warrior but does no damage.
The orc warrior closely misses your hound.
The orc warrior misses you.
You hit the orc warrior but do no damage.
You peck the orc warrior, but do no damage.
The orc warrior is heavily wounded.
You constrict the orc warrior, but do no damage.
You feel very sick.
Your hound bites the orc warrior.
The orc warrior barely misses you.
The orc warrior hits you with a +1 hand axe of electrocution.
The orc warrior closely misses your hound.
You hit the orc warrior.
Lightning courses through the orc warrior!
You kill the orc warrior!
You feel very sick.
The orc warrior hits you from afar with a +2 halberd of venom!!
* * * LOW HITPOINT WARNING * * *
You are lethally poisoned!
You feel your dexterity returning.
Your Summonings skill increases to level 7!
* * * LOW HITPOINT WARNING * * *
You feel extremely sick.
Your hound bites the orc warrior. x2
The orc warrior barely misses your hound.
It was a potion of attraction.
You feel attractive to monsters.
You die...
Your body crumbles into a pile of gold.

##.......................)..##
##.......###..........)......
###......####...............
##.....###................
###......##.......))).......
##....>......................
##...........<.........∩......
#......###<..)................
................@................
.................................
♣...♣PP....♣♣♣♣♣♣♣h9.............
.P...P♣P..... ....o..............
..PP. P♣........................P
.PP.. O......................#..P
♣...♣ P....♣♣♣♣♣♣..##........#..P
..............#...
~~................


You could see an orc warrior (ally target), a friendly guardian golem (summoned)
and a friendly hound (summoned, sheltered).

Vanquished Creatures
  A troll (D:8)
  Sigmund (D:5)
  4 yaks
  Edmund (D:5)
  Menkaure (D:5)
  4 orc warriors
  A kobold brigand (D:6)
  Blork the orc (D:6)
  A bullfrog (D:7)
  2 necrophages
  3 scorpions
  11 killer bees
  5 electric eels
  A howler monkey (D:9)
  A lava snake (D:8)
  4 jellies
  5 orc priests
  3 hounds
  3 iguanas
  Terence (D:3)
  14 orc wizards
  3 gnolls (D:5)
  11 adders
  3 shadow imps
  2 white imps
  3 ufetubi
  A worm (D:3)
  3 dart slugs
  16 orcs
  4 bats
  12 endoplasms
  5 giant cockroaches
  9 goblins
  5 hobgoblins
  3 jackals (D:2)
  7 kobolds
  7 quokkas
  8 ball pythons
  2 frilled lizards (D:1)
  6 rats
178 creatures vanquished.

Vanquished Creatures (collateral kills)
  A wolf (D:8)
  A kobold brigand (D:9)
  A howler monkey (D:9)
  2 jellies (D:7)
  3 hounds (D:8)
  A gnoll (D:5)
  6 orcs
  6 endoplasms (D:7)
  2 kobolds (D:9)
23 creatures vanquished.

Vanquished Creatures (others)
  A two-headed ogre (D:9)
  A deep elf pyromancer (D:9)
  A slime creature (D:7)
  A floating eye (D:9)
  A water moccasin (D:8)
  A wolf (D:8)
  A phantom (D:7)
  2 killer bees (D:9)
  A howler monkey (D:9)
  2 orc wizards
  An adder (D:5)
  11 fungi (D:7)
  11 plants (D:9)
35 creatures vanquished.

Grand Total: 236 creatures vanquished

Notes
Turn   | Place    | Note
-------+----------+-------------------------------------------
     0 | D:1      | H0rd4k the Octopode Artificer began the quest for the Orb.
     0 | D:1      | Reached XP level 1. HP: 13/13 MP: 1/1
   500 | D:1      | Reached XP level 2. HP: 13/18 MP: 1/3
   797 | D:1      | Reached skill level 1 in Spellcasting
  1016 | D:1      | Reached XP level 3. HP: 24/24 MP: 4/4
  1313 | D:2      | Reached skill level 1 in Unarmed Combat
  1403 | D:2      | Found a bloodstained altar of Trog.
  2222 | D:2      | Reached XP level 4. HP: 24/29 MP: 6/6
  2402 | D:3      | Noticed Terence
  2417 | D:3      | Killed Terence
  2774 | D:3      | Found a runed translucent door.
  2775 | D:3      | Noticed Crazy Yiuf
  2899 | D:3      | Found a stormy altar of Qazlal.
  3240 | D:4      | Identified the +9 dagger of Viora {vorpal, Int+3}
  3312 | D:4      | Found a broken altar of Ashenzari.
  3356 | D:4      | Reached XP level 5. HP: 33/36 MP: 8/8
  4163 | D:4      | Found a radiant altar of Vehumet.
  4298 | D:4      | Reached XP level 6. HP: 42/42 MP: 9/9
  4699 | D:5      | Entered Level 5 of the Dungeon
  4699 | D:5      | Noticed Menkaure
  4701 | D:5      | Killed Menkaure
  4702 | D:5      | Reached skill level 1 in Short Blades
  4779 | D:5      | Found a bloodstained altar of Trog.
  4885 | D:5      | Reached XP level 7. HP: 39/46 MP: 11/11
  5569 | D:5      | Found a sparkling altar of Nemelex Xobeh.
  5698 | D:5      | Reached skill level 5 in Unarmed Combat
  5874 | D:5      | Noticed Sigmund
  5887 | D:5      | Killed Sigmund
  5888 | D:5      | Reached XP level 8. HP: 54/54 MP: 13/13
  5952 | D:5      | Noticed Edmund
  5956 | D:5      | Killed Edmund
  6307 | D:6      | Noticed Blork the orc
  6317 | D:6      | Killed Blork the orc
  6335 | D:6      | Found a staircase to the Ecumenical Temple.
  6352 | Temple   | Entered the Ecumenical Temple
  6440 | Temple   | Became a worshipper of Gozag Ym Sagoz the Greedy
  6521 | D:6      | Reached skill level 5 in Fighting
  6558 | D:6      | Found a faded altar of an unknown god.
  6643 | D:6      | Identified the +5 scale mail of Virtue {rPois Regen+ Int-3}
  6690 | D:6      | Found Konlid's Weapon Emporium.
  7140 | D:7      | Identified the +1 robe "Niec" {Dex+8}
  7162 | D:7      | Found a snail-covered altar of Cheibriados.
  7341 | D:7      | Noticed a slime creature
  7572 | D:7      | Reached XP level 9. HP: 44/61 MP: 15/15
  7775 | D:7      | Found a burning altar of Makhleb.
  7938 | D:7      | Found a white marble altar of Elyvilon.
  8541 | D:7      | Learned a level 1 spell: Summon Small Mammal
  8545 | D:7      | Learned a level 3 spell: Call Canine Familiar
  8549 | D:7      | Learned a level 3 spell: Summon Guardian Golem
  8590 | D:7      | Reached skill level 5 in Spellcasting
  8602 | D:7      | Reached skill level 1 in Summonings
  9159 | D:8      | Noticed a troll
  9198 | D:8      | Killed a troll
  9338 | D:8      | Found a staircase to the Lair.
  9442 | D:8      | Reached XP level 10. HP: 35/68 MP: 17/19
 10034 | D:8      | Reached skill level 5 in Summonings
 10107 | D:8      | Gained mutation: One of your tentacles bears a spike.
                  | [potion of mutation]
 10107 | D:8      | Lost mutation: One of your tentacles bears a spike. [potion
                  | of mutation]
 10107 | D:8      | Gained mutation: You have a beak for a mouth. [potion of
                  | mutation]
 10107 | D:8      | Gained mutation: You are partially covered in iridescent
                  | scales. (AC +2) [potion of mutation]
 10368 | D:8      | Reached skill level 1 in Throwing
 10646 | D:8      | Found a hide-covered altar of Uskayaw.
 10686 | D:9      | Found the +8 lance "Wyrmbane" {slay drac, rPois rF+ rC+
                  | AC+3}
 10696 | D:9      | Noticed a deep elf pyromancer
 10703 | D:9      | Noticed a two-headed ogre
 10793 | D:9      | Noticed an oklob plant
 10828 | D:9      | Killed a two-headed ogre
 10856 | D:9      | Killed a deep elf pyromancer
 10857 | D:9      | Reached skill level 1 in Hexes
 11013 | D:9      | Found a sparkling altar of Nemelex Xobeh.
 11028 | D:9      | Noticed Erica
 11049 | D:9      | Found Ataciobi's Jewellery Shoppe.
 11301 | D:9      | Bought the ring "Mif Athru" {Str+6 Dex+5 Stlth-} for 729
                  | gold pieces
 11541 | D:9      | HP: 1/68 [poisoned by an orc warrior]
 11542 | D:9      | Succumbed to an orc warrior's poison

Illustrated notes

Levels and vault maps discovered:
D:1:      minmay_arrival_shoal_huts, layout_loops_ring
D:2:      layout_basic, basic_altar, minmay_misc_feat_nine_boxes,
          nicolae_eternal_life
D:3:      layout_basic, mainiacjoe_overflow_catwalk, uniq_terence,
          uniq_crazy_yiuf_cottage
D:4:      layout_basic, nicolae_ashenzari_panopticon, nicolae_vehumet_radiance,
          minmay_misc_feat_encased
D:5:      layout_basic, kennysheep_little_box, nemelex_diamond_rough_becter,
          chequers_serial_rivers_small_3, saegor_snake_ambush, uniq_edmund,
          uniq_sigmund, uniq_menkaure
D:6:      layout_cave_pools, temple_pool_b, serial_column_ruins,
          column_ruins_temple_hall, column_ruins_open_small,
          column_ruins_open_small, column_ruins_open_medium,
          column_ruins_grid_1, serial_shops,
          nicolae_shop_temple_entry_statues_fountains, uniq_blork_the_orc
D:7:      lemuel_slime, layout_gridville, nicolae_elyvilon_peaceful_grove,
          mainiacjoe_overflow_big_doors, grunt_ministairs_14
D:8:      layout_loops_ring, nicolae_uskayaw_suspiria, erik_lair_island
D:9:      layout_cave_pods, mainiacjoe_overflow_alcove_1, david_orc_5,
          serial_park, serial_park_square2, serial_park_paths
          [serial_park_minivault_5x5_5], serial_park_tiny_1,
          serial_park_tiny_pond, minmay_shop_enchanted_jewellery, minivault_14,
          disabler_island, uniq_erica
Temple:   hellmonk_temple_two_chambers

Skill      XL: |  1  2  3  4  5  6  7  8  9 10 |
---------------+-------------------------------+-----
Spellcasting   | 1 2 3 4 6 7 |  7.8
Fighting       | 2 3 4 5 |  5.8
Unarmed Combat | 1 2 3 4 5 6 |  6.7
Short Blades   | 1 2 3 4 |  4.4
Dodging        | 3 |  3.0
Summonings     | 4 7 |  7.0
Throwing       | 1 |  1.5
Hexes          | 1 |  1.1
Axes           | |  0.8
Maces & Flails | |  0.2
Staves         | |  0.1
Ranged Weapons | |  0.2
Stealth        | |  1.3
Transmutations | |  0.8
Fire Magic     | |  0.2
Ice Magic      | |  0.2
Air Magic      | |  0.3
Earth Magic    | |  0.2
Poison Magic   | |  0.5
Invocations    | |  0.2
Evocations     | |  3.2

Action                   |  1- 3 |  4- 6 |  7- 9 | 10-12 || total
-------------------------+-------+-------+-------+-------++-------
Melee: Unarmed           |   110 |     1 |       |       ||   111
       Tentacles         |    32 |    16 |    46 |    10 ||   104
       Constrict         |    28 |    19 |    41 |    15 ||   103
       Punch             |     1 |       |     9 |     5 ||    15
       Dagger            |       |    68 |   210 |    64 ||   342
       Peck              |       |       |       |    12 ||    12
Throw: Dart              |       |       |     4 |     2 ||     6
 Cast: Summon Small Mamm |       |       |       |    17 ||    17
       Call Canine Famil |       |       |       |     9 ||     9
       Summon Guardian G |       |       |       |     8 ||     8
Evoke: Wand              |       |     3 |    30 |     6 ||    39
  Use: Scroll            |       |       |       |    14 ||    14
       Potion            |       |       |       |     7 ||     7
 Stab: Sleeping          |    14 |    12 |    10 |     2 ||    38
       Distracted        |       |       |     1 |       ||     1
       Paralysed         |       |       |     4 |     2 ||     6
Armor: Skin              |     7 |     4 |     6 |     4 ||    21
Dodge: Dodged            |    65 |    45 |   120 |    46 ||   276
